 Dungeon Crawl Stone Soup version 0.27.0-1-g7a089689b8 (webtiles) character file.

Game seed: 8630710368363723512

438 Brandom the Sneak (level 7, 0/54 HPs)
             Began as a Human Delver on Aug 8, 2021.
             Was a Follower of Kikubaaqudgha.
             Slain by a gnoll (5 damage)
             ... on level 3 of the Dungeon.
             The game lasted 00:08:31 (4044 turns).

Brandom the Sneak (Human Delver)                    Turns: 4044, Time: 00:08:32

Health: 0/54       AC: 10    Str: 14    XL:     7   Next: 21%
Magic:  7/7        EV: 10    Int: 13    God:    Kikubaaqudgha [*.....]
Gold:   94         SH:  0    Dex: 15    Spells: 3/6 levels left

rFire    + . .     SeeInvis .   a - +0 mace
rCold    . . .     Faith    .   (no shield)
rNeg     . . .     Spirit   .   l - +1 scale mail {rF+}
rPois    .         Reflect  .   o - +0 helmet {Int+3}
rElec    .         Harm     .   (no cloak)
rCorr    .         Rampage  .   s - +1 pair of gloves
Will     .....                  (no boots)
Stlth    ++........             (no amulet)
HPRegen  0.18/turn              (no ring)
MPRegen  0.10/turn              (no ring)

@: no status effects
A: no striking features
a: Renounce Religion, Receive Corpses


You were on level 3 of the Dungeon.
You worshipped Kikubaaqudgha.
Kikubaaqudgha was aware of your devotion.
You visited 1 branch of the dungeon, and saw 5 of its levels.

You collected 94 gold pieces.

Inventory:

Hand Weapons
 a - a +0 mace (weapon)
Missiles
 k - 20 poisoned darts (quivered)
Armour
 b - a +0 leather armour
 j - a +0 chain mail
   (You took it off an orc on level 5 of the Dungeon)
 l - a +1 scale mail of fire resistance (worn)
   (You found it on level 5 of the Dungeon)
 o - a +0 helmet of intelligence (worn)
   (You found it on level 1 of the Dungeon)
 s - a +1 pair of gloves (worn)
   (You found it on level 3 of the Dungeon)
Wands
 d - a wand of iceblast (7)
   (You found it on level 5 of the Dungeon)
 v - a wand of digging (3)
Scrolls
 c - 5 scrolls of fog
 e - 2 scrolls of fear
 g - a scroll of magic mapping
 h - a scroll of vulnerability {!r}
 m - a scroll of teleportation {@r4}
 p - a scroll of enchant armour {unknown}
Potions
 f - a potion of haste {@q3}
 i - a potion of resistance {unknown}
 n - 4 potions of might {unknown}
 q - 2 potions of curing {@q1}
 r - a potion of flight


   Skills:
 + Level 4.2 Fighting
 * Level 4.8 Maces & Flails
 + Level 2.6 Armour
 + Level 3.5 Dodging
 - Level 5.0 Stealth
 + Level 0.2 Spellcasting
 + Level 0.4 Necromancy


You had 3 spell levels left.
You knew the following spells:

 Your Spells              Type           Power      Damage    Failure   Level
q - Vampiric Draining     Necr           0%         2d6       97%         3

Your spell library contained the following spells:

 Spells                   Type           Power      Damage    Failure   Level
 Animate Skeleton         Necr           2%         N/A       71%         1
 Pain                     Necr           4%         1d4       71%         1
 Magic Dart               Conj           0%         1d3       77%         1
 Sublimation of Blood     Necr           0%         N/A       85%         2
 Searing Ray              Conj           0%         3d3       88%         2
 Call Canine Familiar     Summ           0%         N/A       98%         3
 Ignite Poison            Fire/Tmut/Pois 0%         N/A       98%         3
 Mephitic Cloud           Conj/Pois/Air  0%         N/A       98%         3
 Portal Projectile        Hex/Tloc       0%         N/A       98%         3
 Fulminant Prism          Conj/Hex       0%         3d6       100%        4
 Hailstorm                Conj/Ice       0%         3d3       100%        4
 Ice Form                 Ice/Tmut       0%         N/A       100%        4
 Leda's Liquefaction      Hex/Erth       0%         N/A       100%        4
 Bolt of Magma            Conj/Fire/Erth 0%         4d4       100%        5
 Simulacrum               Ice/Necr       0%         N/A       100%        6


Dungeon Overview and Level Annotations

Branches:
Dungeon (5/15)
 Temple: D:4-7

Altars:
Gozag
Kikubaaqudgha
Uskayaw

Shops:
D:1 *[*?   D:2 *


Message History

You kill the gnoll!
Kikubaaqudgha accepts your kill.
The gnoll hits you from afar with a +0 spear.
You hit the gnoll. The gnoll hits you with a +0 flail.
The gnoll closely misses you.
You hit the gnoll but do no damage. The gnoll barely misses you.
The gnoll hits you but does no damage.
You hit the gnoll. The gnoll barely misses you. The gnoll closely misses you.
The gnoll hits you with a +0 flail.
You closely miss the gnoll. The gnoll closely misses you.
The gnoll hits you but does no damage.
You closely miss the gnoll. The gnoll hits you but does no damage.
The gnoll closely misses you.
The gnoll hits you from afar with a +0 spear!
You barely miss the gnoll. The gnoll hits you but does no damage.
The gnoll hits you from afar with a +0 spear.
You closely miss the gnoll. The gnoll closely misses you.
The gnoll barely misses you.
You hit the gnoll.
You kill the gnoll!
Kikubaaqudgha accepts your kill.
The gnoll hits you from afar with a +0 spear.
* * * LOW HITPOINT WARNING * * *
The gnoll hits you but does no damage.
Things that are here:
a +0 flail; a +0 flail; a +0 club You barely miss the gnoll.
The gnoll hits you with a +0 spear.
* * * LOW HITPOINT WARNING * * *
You barely miss the gnoll. The gnoll hits you with a +0 spear.
* * * LOW HITPOINT WARNING * * *
You hit the gnoll. The gnoll misses you. The gnoll closely misses you.
Unknown command.
You hit the gnoll. The gnoll hits you with a +0 spear.
* * * LOW HITPOINT WARNING * * *
You hit the gnoll. The gnoll hits you but does no damage.
Unknown command.
You hit the gnoll but do no damage. The gnoll misses you.
Unknown command.
You hit the gnoll. The gnoll barely misses you.
You hit the gnoll but do no damage. The gnoll hits you with a +0 spear.
* * * LOW HITPOINT WARNING * * *
You hit the gnoll but do no damage. The gnoll hits you with a +0 spear.
* * * LOW HITPOINT WARNING * * *
The gnoll hits you but does no damage.
You barely miss the gnoll. The gnoll hits you with a +0 spear.
* * * LOW HITPOINT WARNING * * *
You closely miss the gnoll. The gnoll barely misses you.
You barely miss the gnoll. The gnoll hits you with a +0 spear.
You die...
Kikubaaqudgha rasps: "You have failed me!
Welcome... death!"

#.#.##...#
#.#.####.##
#.#....#...
#.#....###.
#.#........
#....#### #....#
###########....####
#.@.........#.##...
##g###########.##...
#...g.g.g.#....##...
#########.#........#
#...##########
#g#########
#.[gg.g....
####[g..... .......


You could see a gnoll.

Vanquished Creatures
  A water moccasin (D:5)
  A necrophage (D:5)
  A vampire bat (D:5)
  A centaur zombie (D:5)
  2 gnolls (D:3)
  An adder (D:2)
  3 worms
  2 dart slugs (D:1)
  3 fire bats (D:5)
  2 orcs
  2 spectral bats (D:5)
  12 bats
  3 bat skeletons (D:5)
  A bat zombie (D:5)
  4 endoplasms
  6 goblins
  4 hobgoblins (D:1)
  8 jackals
  4 kobolds
  A quokka (D:1)
  A ball python (D:1)
  A bat simulacrum (D:5)
  3 frilled lizards
  3 rats
70 creatures vanquished.

Notes
Turn   | Place    | Note
-------+----------+-------------------------------------------
     0 | D:5      | Brandom the Human Delver began the quest for the Orb.
     0 | D:5      | Reached XP level 1. HP: 18/18 MP: 1/1
   135 | D:5      | Reached XP level 2. HP: 13/24 MP: 2/2
   135 | D:5      | Reached XP level 3. HP: 16/29 MP: 3/3
   293 | D:5      | Reached skill level 1 in Armour
   361 | D:5      | Reached XP level 4. HP: 27/35 MP: 4/4
   693 | D:5      | Reached XP level 5. HP: 38/41 MP: 5/5
   830 | D:5      | Noticed a necrophage
   868 | D:5      | Killed a necrophage
   869 | D:5      | Reached XP level 6. HP: 20/48 MP: 6/6
  1090 | D:5      | Noticed a water moccasin
  1101 | D:5      | Killed a water moccasin
  1533 | D:3      | Found an opulent altar of Gozag.
  1842 | D:1      | Found Zebbech's Antique Armour Shop.
  1868 | D:1      | Reached XP level 7. HP: 54/54 MP: 7/7
  1912 | D:1      | Noticed an eye of devastation
  1914 | D:1      | Found a faded altar of an unknown god.
  1922 | D:1      | Noticed a great orb of eyes
  1922 | D:1      | Noticed a golden eye
  1922 | D:1      | Noticed a shining eye
  1938 | D:1      | Became a worshipper of Kikubaaqudgha
  1938 | D:1      | Reached * piety under Kikubaaqudgha
  1938 | D:1      | Received a gift from Kikubaaqudgha
  1943 | D:1      | Learned a level 3 spell: Vampiric Draining
  2065 | D:1      | Found Satah's Assorted Antiques.
  2140 | D:1      | Found Jusag's General Store.
  2213 | D:1      | Found Jiczyinups's Magic Scroll Shoppe.
  2749 | D:2      | Found a hide-covered altar of Uskayaw.
  2750 | D:2      | Found Owoich's Assorted Antiques.
  4044 | D:3      | Slain by a gnoll

Illustrated notes

Levels and vault maps discovered:
D:1:      heliophobic_arrival_glass_houses, layout_loops_ring, serial_shops,
          shop, nicolae_shop_stone, nicolae_shop_stone, shop_statue,
          hellmonk_ecumenical_altar_watching_god
D:2:      layout_basic, basic_altar, serial_shops, nicolae_shop_statue_plus
D:3:      layout_basic, lemuel_crystal_altar, minivault_26,
          kennysheep_cluttered_room
D:4:      layout_layer_cave, serial_shops, nicolae_square_shop,
          ebering_ghost_rock_garden, minmay_misc_feat_four_crosses, uniq_pikel
D:5:      layout_layer_cave, goddamned_bats

Skill      XL: |  1  2  3  4  5 |
---------------+----------------+-----
Armour         | 1 2 |  2.6
Maces & Flails | 3 4 |  4.8
Fighting       | 4 |  4.2
Dodging        | 3 |  3.5
Stealth        | |  5.0
Spellcasting   | |  0.2
Necromancy     | |  0.4

Action                   |  1- 3 |  4- 6 |  7- 9 || total
-------------------------+-------+-------+-------++-------
Melee: Mace              |    39 |   138 |   152 ||   329
Evoke: Wand              |       |     4 |       ||     4
  Use: Scroll            |       |       |     4 ||     4
 Stab: Sleeping          |       |     1 |     4 ||     5
Armor: Chain mail        |    64 |   186 |       ||   250
       Leather armour    |     3 |       |       ||     3
       Scale mail        |       |     8 |    74 ||    82
Dodge: Dodged            |    24 |    74 |   106 ||   204
